cohdb
Replays
Latest Replays
All Replays
Popular Replays
Top Player Replays
Match Explorer
How It Works
Community
CoH3 Stats
Reddit
Sign in to upload your games and track your stats! →
Sign in with Steam
Match 42616994
Unlisted
Match 42616994
Overview
Messages
Build Orders
End
Kradschützen Motorcycle Team
Selects Panzerjäger Kommand Battlegroup
Selects Blockade Equipment
Panzergrenadier Squad
Panzergrenadier Squad
Construct Light Support Kompanie
MG34 Team
Selects Tank Busters
Selects GrB 39 Grenade Launcher Requisition
2.5-tonne Medical Truck
250 Light Carrier
Fire Support Elements
Combat Half-tracks
le.IG 18 Mechanized Group
Selects Crew Shock Tactics
2.5-tonne Medical Truck
Pak 38 Anti-tank Gun Team
Flakvierling Half-track
Panzerjäger Mechanized Group
Construct Panzerarmee Kommand
Flakvierling Half-track
ARchey
Theuce
MrXanathos
Francho97
SneaKerz
gb_gbg
0
0
Comments
sign in to comment!
No comments posted yet!